 Dungeon Crawl Stone Soup version 0.30-a0-857-gcaf70739d4 (webtiles) character file.

Game seed: 14181658526963372824

25 Esekla the Sneak (level 3, 26/26 HPs)
             Began as an Octopode Delver on Mar 6, 2023.
             Quit the game on level 5 of the Dungeon.
             The game lasted 00:01:36 (106 turns).

Esekla the Sneak (Octopode Delver)                   Turns: 106, Time: 00:01:36

Health: 26/26      AC:  1    Str: 11    XL:     3   Next: 4%
Magic:  3/3        EV: 13    Int: 14    God:
Gold:   25         SH:  0    Dex: 13    Spells: 3/3 levels left

rFire   . . .      SeeInvis .    a - +0 falchion
rCold   . . .      Faith    .    (no shield)
rNeg    . . .      Spirit   .    (helmet restricted)
rPois   .          Reflect  .    (no amulet)
rElec   .          Rampage  .    (no ring)
rCorr   .                        (no ring)
Will    .....                    (no ring)
Stlth   ++++                     (no ring)
HPRegen 0.24/turn                (no ring)
MPRegen 0.08/turn                (no ring)
                                 (no ring)
                                 (no ring)

@: no status effects
A: almost no armour, amphibious, 8 rings, camouflage 1, gelatinous body 1,
(nimble swimmer 1), tentacles
a: no special abilities


You were on level 5 of the Dungeon.
You visited 1 branch of the dungeon, and saw 1 of its levels.

You collected 25 gold pieces.

Inventory:

Hand Weapons
 a - a +0 falchion (weapon)
Missiles
 c - 6 poisoned darts (quivered)
Wands
 f - a wand of digging (2)
Scrolls
 b - a scroll of fog
 d - a scroll of fear
 g - a scroll of identify {unknown}
 h - a scroll of enchant armour {unknown}
Potions
 e - a potion of haste
 i - a potion of lignification {unknown}


   Skills:
 * Level 3.2 Fighting
 * Level 2.1 Long Blades
 * Level 2.2 Dodging
 + Level 7.1 Stealth
 * Level 0.5 Spellcasting


You had 3 spell levels left.
You didn't know any spells.
Your spell library was empty.

Dungeon Overview and Level Annotations

Branches:
Dungeon (5/15)
 Temple: D:4-7

Altars:
Nemelex Xobeh
Wu Jian
Zin

Portals:
Ossuary: D:5


Innate Abilities, Weirdness & Mutations

You cannot wear most types of armour.
You are amphibious.
You can wear up to eight rings at the same time.
Your skin changes colour to match your surroundings (Stealth+).
Your rubbery body absorbs attacks. (AC +1, EV +1)
((You are camouflaged when in or above water. (Stealth+)))
You have tentacles for arms and can constrict up to eight enemies at once.


Message History

Found 12 gold pieces.
Found 5 gold pieces.
You now have 20 gold pieces (gained 12).
You now have 25 gold pieces (gained 5).
An iguana comes into view.
You hear the slow hiss of an avalanche of sand nearby.
Found a mace.
Aiming: Dig
Press: ? - help, Shift-Dir - straight line A rock wall.
The rock shatters into small pieces.
An orc comes into view. It is wielding a +0 hand axe.
An orc wizard comes into view. It is wielding a +0 dagger.
Found a sparkling altar of Nemelex Xobeh.
Found 6 poisoned darts.
Found a sling.
Found a silvery potion and a scroll labelled SYKUFO EWOLL.
The iguana hisses angrily.
An orc comes into view. It is wielding a +0 dagger.
You hit the iguana. Your grab misses the iguana.
The iguana is lightly wounded.
The iguana closely misses you.
You hit the iguana. You grab the iguana. You squeeze the iguana!
You kill the iguana!
Your Stealth skill increases to level 7!
You have reached level 2!
You have reached level 3!
Your experience leads to an increase in your attributes!
Increase (S)trength, (I)ntelligence, or (D)exterity?
You feel clever. x2
You see here 6 poisoned darts.
c - 6 poisoned darts
i - a silvery potion You see here an iguana corpse.
You hear the slow hiss of an avalanche of sand nearby.
You open the door.
Found an ornate altar of the Wu Jian Council.
Found a glowing silver altar of Zin.
There is an open door here.
Are you sure you want to abandon this character and quit the game? (Confirm with "yes".)

####### *************
#.....############*
,,*,,,,,,,,,###'###.............,
,,*,,,,,,,**#...@.###...........,
,,*,,,,,,*#.........##..........,
,,*,,,,,,#..⌠.....⌠..#..........,
.**,,,,**#.....8.....###.o####.,*
.##+#######._.###._.####†.####,,*
..........#####.#####........#,,,
.......##......##..........).#,,,
.......##......##........)...+...
...>...#........#..........?.....


There were no monsters in sight!

Vanquished Creatures
  An iguana (D:5)
1 creature vanquished.

Notes
Turn   | Place    | Note
-------+----------+-------------------------------------------
     0 | D:5      | Esekla the Octopode Delver began the quest for the Orb.
     0 | D:5      | Reached XP level 1. HP: 16/16 MP: 1/1
     8 | D:5      | Noticed a phantom
    41 | D:5      | Noticed an iguana
    64 | D:5      | Noticed an orc wizard
    64 | D:5      | Found a sparkling altar of Nemelex Xobeh.
    83 | D:5      | Killed an iguana
    84 | D:5      | Reached skill level 7 in Stealth
    84 | D:5      | Reached XP level 2. HP: 21/21 MP: 2/2
    84 | D:5      | Reached XP level 3. HP: 26/26 MP: 3/3
   103 | D:5      | Found an ornate altar of the Wu Jian Council.
   104 | D:5      | Found a glowing silver altar of Zin.
   106 | D:5      | Quit the game

Illustrated notes

Levels and vault maps discovered:
D:5:      layout_gridville, marbit_many_paths, gammafunk_temple_overflow_pools,
          enter_ossuary_1

Skill      XL: |  1 |
---------------+----+-----
Stealth        | 7 |  7.1
Fighting       | |  3.2
Long Blades    | |  2.1
Dodging        | |  2.2
Spellcasting   | |  0.5

Action                     || total
---------------------------++-------
  Melee: Falchion          ||     2
         Constrict         ||     1
         Tentacles         ||     1
  Evoke: Wand              ||     1
    Use: Scroll            ||     1
  Dodge: Dodged            ||     1

Table legend: (Time is in decaauts)
 A = Elapsed time spent in this place.
 B = Non-inter-level travel time spent in this place.
 C = Inter-level travel time spent in this place.
 D = Time resting spent in this place.
 E = Time spent auto-exploring this place.
 F = Levels seen in this place.
 G = Mean time per level.
                   A        B        C        D        E       F      G
               +--------+--------+--------+--------+--------+-----+--------+
         Total |    106 |    106 |      0 |      0 |      0 |   1 |  106.0 |
       Dungeon |    106 |    106 |      0 |      0 |      0 |   1 |  106.0 |
               +--------+--------+--------+--------+--------+-----+--------+

Top non-repeatable levels by time:
     D:5: 106 daAuts
